Whale vs Bulldogs

Created - Wednesday, November 05, 2014 at 23:06

Goals
1 2 3 T
Whale 0 1 0 1
Bulldogs 2 2 0 4
Shots
1 2 3 T
Whale 7 6 11 24
Bulldogs 9 10 5 24

1st period

1. Bulldogs , Derek Smith 1 (Ryan Carter, Patrick Kaleta) at 9:12
2. Bulldogs , Ryan Carter 4 (B.J. Crombeen, Derek Smith) at 11:03 (SH)

Penalties :
Derek Smith (Ham) for Hooking (Minor) at 2:04, Dallas Jackson (CON) for Interference (Minor) at 6:38, Patrick Kaleta (Ham) for Hooking (Minor) at 9:31, Brandon Yip (Ham) for Hooking (Minor) at 13:10

2nd period

3. Bulldogs , Chris Conner 6 (Tim Kennedy, Jean-Francois Jacques) at 7:15
4. Whale , Mike Hedden 5 (Kelly Zajac, Brent Regner) at 11:44
5. Bulldogs , Trevor Smith 3 (Reece Scarlett, Derek Smith) at 18:23

Penalties :
Chris McKelvie (CON) for Roughing (Minor) at 1:56, Cody McCormick (Ham) for Hooking (Minor) at 8:11, B.J. Crombeen (Ham) for Fighting (Major) at 17:05, Brennan Evans (CON) for Fighting (Major) at 17:05, Derek Smith (Ham) for Interference (Minor) at 19:17

3rd period

No Goal

Penalties :
B.J. Crombeen (Ham) for Interference (Minor) at 11:12

Goalie Stats

Tomas Vokoun (CON), 15 saves from 19 shots - (0.789), L, 4-6-2, 38:23 minutes
Igor Bobkov (CON), 5 saves from 5 shots - (1.000), 21:37 minutes
Eric Hartzell (Ham), 23 saves from 24 shots - (0.958), W, 4-2-2, 60:00 minutes

Players Stats for Whale

Player Name              G  A  P  +/- PIM S  H  SB GA TA FO     MP     PP MP  PK MP  
------------------------------------------------------------------------------------
Brad Staubitz            0  0  0  -1  0   0  0  0  0  0  0/0     9:23   0:00   0:00 
Brendan Ranford          0  0  0  -2  0   2  1  0  4  0  2/3    17:24   5:31   1:15 
Brennan Evans            0  0  0   0  5   0  2  0  0  0  0/0     3:09   0:00   0:00 
Brent Regner             0  1  1  -2  0   3  1  0  0  0  0/0    20:47   4:38   2:27 
Chris McKelvie           0  0  0   1  2   0  1  0  0  0  0/0    10:27   0:00   0:00 
Colin Fraser             0  0  0   0  0   0  2  0  3  0  5/7    13:20   0:00   0:00 
Dallas Jackson           0  0  0  -3  2   1  3  0  0  1  0/0    20:49   4:38   1:55 
Denis Grebeshkov         0  0  0  -1  0   1  3  2  0  3  0/0    25:02   7:16   1:31 
Denny Urban              0  0  0   0  0   1  0  1  0  0  0/0    14:43   0:00   0:32 
Derek Nesbitt            0  0  0  -2  0   2  2  0  1  1  0/0    19:04   5:31   0:00 
James Livingston         0  0  0  -1  0   2  1  0  0  2  3/4    20:25   6:23   2:37 
Jay Rosehill             0  0  0   0  0   0  1  0  0  0  0/0     7:39   1:30   0:00 
Jon Sim                  0  0  0  -1  0   1  1  1  2  0  4/6    12:50   0:00   0:00 
Kelly Zajac              0  1  1   0  0   3  0  0  4  2  4/10   20:04   6:23   0:54 
Mike Hedden              1  0  1  -1  0   4  2  1  4  0  0/0    23:03   5:45   2:16 
Mike Moore               0  0  0   0  0   0  1  0  0  0  0/0    14:11   0:00   0:00 
Nick Tarnasky            0  0  0  -1  0   4  2  2  2  0  1/4    21:47   4:39   0:54 
Taylor Chorney           0  0  0  -1  0   0  2  2  0  2  0/0    21:52   7:16   1:31 

Players Stats for Bulldogs

Player Name              G  A  P  +/- PIM S  H  SB GA TA FO     MP     PP MP  PK MP  
------------------------------------------------------------------------------------
B.J. Crombeen            0  1  1   0  7   1  4  0  0  2  1/1    16:27   2:10   3:34 
Barry Goers              0  0  0  -1  0   1  0  1  0  0  0/0    16:23   0:00   0:46 
Brandon Yip              0  0  0  -1  2   1  3  0  2  1  1/1    13:23   2:10   0:00 
Chris Conner             1  0  1   1  0   2  0  0  0  0  0/1    10:16   0:00   0:39 
Cody McCormick           0  0  0   0  2   2  1  0  1  1  2/5    11:21   1:48   0:00 
Derek Smith              1  2  3   4  4   1  0  0  0  1  0/0    18:40   1:05   2:06 
Jean-Francois Jacques    0  1  1   1  0   1  1  0  0  0  0/2    10:41   0:00   0:00 
Jordan Leopold           0  0  0   0  0   2  0  2  2  2  0/0    25:45   2:53   9:02 
Mark Olver               0  0  0  -1  0   1  1  1  1  0  3/7    14:16   2:10   0:17 
Nathan Horton            0  0  0   0  0   0  1  2  5  0  2/9    20:52   1:48   7:06 
Nick D'Agostino          0  0  0  -1  0   0  1  1  0  3  0/0    14:28   0:00   0:00 
Patrick Dwyer            0  0  0   0  0   1  1  0  3  1  1/2    20:52   1:48   7:06 
Patrick Kaleta           0  1  1   2  2   0  3  0  0  0  0/0    12:17   0:00   0:00 
Reece Scarlett           0  1  1   4  0   1  2  0  0  1  0/0    19:47   1:05   2:52 
Ryan Carter              1  1  2   3  0   5  3  0  0  0  1/1    14:20   0:00   3:01 
Steven Kampfer           0  0  0   0  0   1  4  0  0  1  0/0    25:45   2:53   9:02 
Tim Kennedy              0  1  1   1  0   2  1  1  2  0  2/3     9:19   0:00   0:00 
Trevor Smith             1  0  1   2  0   2  0  0  0  0  2/2    13:07   0:00   2:05 

3 Stars

1 - Ryan Carter (Ham)
2 - Derek Smith (Ham)
3 - Reece Scarlett (Ham)

Power Play

Whale - 0 on 6 Attempt(s) - 0.00%
Bulldogs - 0 on 2 Attempt(s) - 0.00%

Penalty Kill

Whale - 2 on 2 Attempt(s) - 100.00% - Score 0 goal in Penalty Kill
Bulldogs - 6 on 6 Attempt(s) - 100.00% - Score 1 goal in Penalty Kill

Official

Referees : Unknown
Linesman : Unknown

Game Notes

B.J. Crombeen beats up Brennan Evans at 17:05 of 2nd period
Igor Bobkov enters game at 18:23 of 2nd period

Finance

Level 1 -- Attendance: 1376 (68.80%) -- Ticket Income $48,160
Level 2 -- Attendance: 797 (79.70%) -- Ticket Income $11,955
Total Attendance: 2173 (72.43%)
Total Ticket Income: $60,115
Other Income: $29,456
Total Income: $89,571

Whale

5 vs 5 Forward 
   Center                   Left Wing                Right Wing               Time % Phy DF OF 
 1 Colin Fraser             Mike Hedden              James Livingston         35     1   2  2  
 2 Jon Sim                  Nick Tarnasky            Derek Nesbitt            30     1   2  2  
 3 Kelly Zajac              Mike Hedden              Chris McKelvie           22     1   2  2  
 4 Nick Tarnasky            Brendan Ranford          Brad Staubitz            13     1   2  2  

5 vs 5 Defense 
   Defense                  Defense                                           Time % Phy DF OF 
 1 Denis Grebeshkov         Taylor Chorney                                    35     1   2  2  
 2 Brent Regner             Dallas Jackson                                    30     1   2  2  
 3 Mike Moore               Denny Urban                                       22     1   2  2  
 4 Brennan Evans            Denis Grebeshkov                                  13     1   2  2  

PowerPlay Forward 
   Center                   Left Wing                Right Wing               Time % Phy DF OF 
 1 Kelly Zajac              Mike Hedden              James Livingston         60     1   2  2  
 2 Brendan Ranford          Nick Tarnasky            Derek Nesbitt            40     1   2  2  

PowerPlay Defense
   Defense                  Defense                                           Time % Phy DF OF 
 1 Denis Grebeshkov         Taylor Chorney                                    60     1   2  2  
 2 Brent Regner             Dallas Jackson                                    40     1   2  2  

Penalty Kill 4 Players Forward 
   Center                   Wing                     Time % Phy DF OF 
 1 James Livingston         Mike Hedden              60     1   2  2  
 2 Nick Tarnasky            Kelly Zajac              40     1   2  2  

Penalty Kill 4 Players Defense
   Defense                  Defense                  Time % Phy DF OF 
 1 Denis Grebeshkov         Taylor Chorney           60     1   2  2  
 2 Brent Regner             Dallas Jackson           40     1   2  2  

Penalty Kill - 3 Players Forward 
   Forward                                           Time % Phy DF OF 
 1 Nick Tarnasky                                     60     1   2  2  
 2 Mike Hedden                                       40     1   2  2  

Penalty Kill - 3 Players Defense
   Defense                  Defense                  Time % Phy DF OF 
 1 Denis Grebeshkov         Taylor Chorney           60     1   2  2  
 2 Brent Regner             Dallas Jackson           40     1   2  2  

4 vs 4 Forward 
   Center                   Wing                     Time % Phy DF OF 
 1 Colin Fraser             Mike Hedden              60     1   2  2  
 2 Nick Tarnasky            James Livingston         40     1   2  2  

4 vs 4 Defense
   Defense                  Defense                  Time % Phy DF OF 
 1 Denis Grebeshkov         Taylor Chorney           60     1   2  2  
 2 Brent Regner             Dallas Jackson           40     1   2  2  

Last Minutes Offensive
   Center                   Left Wing                Right Wing               Defense                  Defense                  
   Colin Fraser             Mike Hedden              James Livingston         Denis Grebeshkov         Taylor Chorney           

Last Minutes Defensive
   Center                   Left Wing                Right Wing               Defense                  Defense                  
   Colin Fraser             Mike Hedden              James Livingston         Denis Grebeshkov         Taylor Chorney           

Goaltenders
Starting : Tomas Vokoun             
Backup : Igor Bobkov              

Extra Forwards
Normal : Kelly Zajac, Mike Hedden, Brendan Ranford - PP : Kelly Zajac, Mike Hedden - PK : Brendan Ranford
Extra Defensemen
Normal : Mike Moore, Denny Urban, Brennan Evans - PP : Mike Moore - PK : Denny Urban, Brennan Evans
Penalty Shots
Colin Fraser, Mike Hedden, Nick Tarnasky, Brendan Ranford, Kelly Zajac

Bulldogs

5 vs 5 Forward 
   Center                   Left Wing                Right Wing               Time % Phy DF OF 
 1 Cody McCormick           Patrick Dwyer            Nathan Horton            35     1   2  2  
 2 Mark Olver               B.J. Crombeen            Brandon Yip              30     1   2  2  
 3 Trevor Smith             Ryan Carter              Patrick Kaleta           22     1   2  2  
 4 Tim Kennedy              Jean-Francois Jacques    Chris Conner             13     1   2  2  

5 vs 5 Defense 
   Defense                  Defense                                           Time % Phy DF OF 
 1 Jordan Leopold           Steven Kampfer                                    35     1   2  2  
 2 Reece Scarlett           Derek Smith                                       30     1   2  2  
 3 Nick D'Agostino          Barry Goers                                       22     1   2  2  
 4 Jordan Leopold           Steven Kampfer                                    13     1   2  2  

PowerPlay Forward 
   Center                   Left Wing                Right Wing               Time % Phy DF OF 
 1 Cody McCormick           Patrick Dwyer            Nathan Horton            60     1   2  2  
 2 Mark Olver               B.J. Crombeen            Brandon Yip              40     1   2  2  

PowerPlay Defense
   Defense                  Defense                                           Time % Phy DF OF 
 1 Jordan Leopold           Steven Kampfer                                    60     1   2  2  
 2 Reece Scarlett           Derek Smith                                       40     1   2  2  

Penalty Kill 4 Players Forward 
   Center                   Wing                     Time % Phy DF OF 
 1 Nathan Horton            Patrick Dwyer            60     1   2  2  
 2 B.J. Crombeen            Ryan Carter              40     1   2  2  

Penalty Kill 4 Players Defense
   Defense                  Defense                  Time % Phy DF OF 
 1 Jordan Leopold           Steven Kampfer           60     1   2  2  
 2 Reece Scarlett           Derek Smith              40     1   2  2  

Penalty Kill - 3 Players Forward 
   Forward                                           Time % Phy DF OF 
 1 Nathan Horton                                     60     1   2  2  
 2 Patrick Dwyer                                     40     1   2  2  

Penalty Kill - 3 Players Defense
   Defense                  Defense                  Time % Phy DF OF 
 1 Jordan Leopold           Steven Kampfer           60     1   2  2  
 2 Reece Scarlett           Derek Smith              40     1   2  2  

4 vs 4 Forward 
   Center                   Wing                     Time % Phy DF OF 
 1 Nathan Horton            Patrick Dwyer            60     1   2  2  
 2 B.J. Crombeen            Ryan Carter              40     1   2  2  

4 vs 4 Defense
   Defense                  Defense                  Time % Phy DF OF 
 1 Jordan Leopold           Steven Kampfer           60     1   2  2  
 2 Reece Scarlett           Derek Smith              40     1   2  2  

Last Minutes Offensive
   Center                   Left Wing                Right Wing               Defense                  Defense                  
   Cody McCormick           Patrick Dwyer            Nathan Horton            Jordan Leopold           Steven Kampfer           

Last Minutes Defensive
   Center                   Left Wing                Right Wing               Defense                  Defense                  
   Cody McCormick           Patrick Dwyer            Nathan Horton            Jordan Leopold           Steven Kampfer           

Goaltenders
Starting : Eric Hartzell            
Backup : Farm Player84            

Extra Forwards
Normal : Jean-Francois Jacques, Patrick Kaleta, Trevor Smith - PP : Jean-Francois Jacques, Patrick Kaleta - PK : Trevor Smith
Extra Defensemen
Normal : Nick D'Agostino, Barry Goers, Reece Scarlett - PP : Nick D'Agostino - PK : Barry Goers, Reece Scarlett
Penalty Shots
Nathan Horton, Patrick Dwyer, B.J. Crombeen, Ryan Carter, Cody McCormick

% Time on Ice - Whale

Lines # - Real PCT - Wanted PCT - Time Play
Normal Forward
1 - 27% - 35% - 11:50
2 - 32% - 30% - 14:05
3 - 21% - 22% - 9:12
4 - 20% - 13% - 9:01
Normal Defense
1 - 30% - 35% - 13:05
2 - 31% - 30% - 13:42
3 - 32% - 22% - 14:11
4 - 7% - 13% - 3:10
PP Forward
1 - 54% - 60% - 6:23
2 - 46% - 40% - 5:31
PP Defense
1 - 61% - 60% - 7:16
2 - 39% - 40% - 4:38
PK Forward
1 - 77% - 60% - 3:04
2 - 23% - 40% - 0:54
PK Defense
1 - 38% - 60% - 1:31
2 - 62% - 40% - 2:27
PK3 Forward
1 - 0% - 60%
2 - 0% - 40%
PK3 Defense
1 - 0% - 60%
2 - 0% - 40%
44 Forward
1 - 0% - 60%
2 - 0% - 40%
44 Defense
1 - 0% - 60%
2 - 0% - 40%
Last Minute Offensive  - 0:00
Last Minute Defensive  - 0:00
Total
Forward - 60:00
Defense - 60:00

% Time on Ice - Bulldogs

Lines # - Real PCT - Wanted PCT - Time Play
Normal Forward
1 - 28% - 35% - 12:16
2 - 27% - 30% - 11:49
3 - 24% - 22% - 10:44
4 - 21% - 13% - 9:19
Normal Defense
1 - 29% - 35% - 13:00
2 - 36% - 30% - 15:50
3 - 33% - 22% - 14:28
4 - 2% - 13% - 0:50
PP Forward
1 - 45% - 60% - 1:48
2 - 55% - 40% - 2:10
PP Defense
1 - 73% - 60% - 2:53
2 - 27% - 40% - 1:05
PK Forward
1 - 75% - 60% - 8:53
2 - 25% - 40% - 3:01
PK Defense
1 - 76% - 60% - 9:02
2 - 24% - 40% - 2:52
PK3 Forward
1 - 0% - 60%
2 - 0% - 40%
PK3 Defense
1 - 0% - 60%
2 - 0% - 40%
44 Forward
1 - 0% - 60%
2 - 0% - 40%
44 Defense
1 - 0% - 60%
2 - 0% - 40%
Last Minute Offensive  - 0:00
Last Minute Defensive  - 0:00
Total
Forward - 60:00
Defense - 60:00

Play by Play

1st period


0:01 of 1st period - Colin Fraser wins face-off versus Patrick Dwyer in neutral zone.
0:04 of 1st period - Slapshot by Mike Hedden.
0:04 of 1st period - Stopped by Eric Hartzell with a rebound.
0:34 of 1st period - Taylor Chorney is hit by Steven Kampfer.
0:58 of 1st period - Brandon Yip is hit by Derek Nesbitt.
1:06 of 1st period - Snap shot by B.J. Crombeen.
1:06 of 1st period - Deflect By Derek Nesbitt.
1:06 of 1st period - Stopped by Tomas Vokoun with a rebound.
1:32 of 1st period - Patrick Kaleta is hit by Denis Grebeshkov.
1:44 of 1st period - Patrick Kaleta is hit by Mike Hedden.
2:04 of 1st period - Minor Penalty to Derek Smith for Hooking.
2:05 of 1st period - Brendan Ranford wins face-off versus Nathan Horton in Bulldogs zone.
2:22 of 1st period - Snap shot by Brendan Ranford.
2:22 of 1st period - Stopped by Eric Hartzell with a rebound.
3:10 of 1st period - Wrist shot by Mike Hedden.
3:10 of 1st period - Shot Misses the Net.
3:12 of 1st period - Slapshot by Kelly Zajac.
3:12 of 1st period - Shot Blocked by Jordan Leopold.
3:16 of 1st period - Wrist shot by James Livingston.
3:16 of 1st period - Stopped by Eric Hartzell with a rebound.
3:18 of 1st period - Slapshot by Kelly Zajac.
3:18 of 1st period - Stopped by Eric Hartzell with a rebound.
3:40 of 1st period - Reece Scarlett is hit by Brent Regner and loses puck.
3:45 of 1st period - Snap shot by Brendan Ranford.
3:45 of 1st period - Deflect By Nick Tarnasky.
3:45 of 1st period - Stopped by Eric Hartzell with a rebound.
3:59 of 1st period - Slapshot by James Livingston.
3:59 of 1st period - Stopped by Eric Hartzell with a rebound.
4:04 of 1st period - Penalty to Derek Smith is over, Derek Smith is back on ice.
4:27 of 1st period - Slapshot by Brendan Ranford.
4:27 of 1st period - Deflect By Brad Staubitz.
4:27 of 1st period - Shot Misses the Net.
4:27 of 1st period - Puck is out of play.
4:28 of 1st period - Nick Tarnasky wins face-off versus Tim Kennedy in Bulldogs zone.
4:43 of 1st period - Wrist shot by Chris Conner.
4:43 of 1st period - Stopped by Tomas Vokoun with a rebound.
5:59 of 1st period - Wrist shot by Trevor Smith.
5:59 of 1st period - Shot Blocked by Jon Sim.
6:38 of 1st period - Minor Penalty to Dallas Jackson for Interference.
6:39 of 1st period - Mark Olver wins face-off versus James Livingston in Whale zone.
7:01 of 1st period - Slapshot by Jordan Leopold.
7:01 of 1st period - Shot Blocked by Denis Grebeshkov.
7:03 of 1st period - Snap shot by Brandon Yip.
7:03 of 1st period - Shot Misses the Net.
7:05 of 1st period - Slapshot by Steven Kampfer.
7:05 of 1st period - Stopped by Tomas Vokoun without a rebound.
7:06 of 1st period - James Livingston wins face-off versus Cody McCormick in Whale zone.
7:37 of 1st period - Snap shot by Nathan Horton.
7:37 of 1st period - Deflect By Cody McCormick.
7:37 of 1st period - Stopped by Tomas Vokoun without a rebound.
7:38 of 1st period - James Livingston wins face-off versus Mark Olver in Whale zone.
7:38 of 1st period - James Livingston is hit by Brandon Yip.
7:50 of 1st period - Slapshot by Jordan Leopold.
7:50 of 1st period - Stopped by Tomas Vokoun without a rebound.
7:51 of 1st period - Mark Olver wins face-off versus Nick Tarnasky in Whale zone.
8:38 of 1st period - Penalty to Dallas Jackson is over, Dallas Jackson is back on ice.
9:06 of 1st period - Snap shot by Ryan Carter.
9:06 of 1st period - Stopped by Tomas Vokoun with a rebound.
9:08 of 1st period - Slapshot by Ryan Carter.
9:08 of 1st period - Shot Blocked by Denis Grebeshkov.
9:10 of 1st period - Snap shot by Ryan Carter.
9:10 of 1st period - Stopped by Tomas Vokoun with a rebound.
9:12 of 1st period - Slapshot by Derek Smith.
9:12 of 1st period - Goal by Derek Smith - Whale : 0 - Bulldogs : 1.
9:13 of 1st period - Trevor Smith wins face-off versus Jon Sim in neutral zone.
9:26 of 1st period - Snap shot by Trevor Smith.
9:26 of 1st period - Shot Misses the Net.
9:31 of 1st period - Minor Penalty to Patrick Kaleta for Hooking.
9:32 of 1st period - Brendan Ranford wins face-off versus Nathan Horton in Bulldogs zone.
9:58 of 1st period - Snap shot by Mike Hedden.
9:58 of 1st period - Shot Misses the Net.
10:26 of 1st period - Patrick Dwyer is hit by Dallas Jackson and loses puck.
11:03 of 1st period - Wrist shot by Ryan Carter.
11:03 of 1st period - Goal by Ryan Carter - Whale : 0 - Bulldogs : 2.
11:04 of 1st period - Kelly Zajac wins face-off versus Nathan Horton in neutral zone.
11:31 of 1st period - Penalty to Patrick Kaleta is over, Patrick Kaleta is back on ice.
11:34 of 1st period - Snap shot by Mike Hedden.
11:34 of 1st period - Shot Blocked by Nathan Horton.
11:54 of 1st period - Patrick Kaleta is hit by Denis Grebeshkov and loses puck.
12:07 of 1st period - Snap shot by Brendan Ranford.
12:07 of 1st period - Shot Blocked by Jordan Leopold.
12:23 of 1st period - Steven Kampfer is hit by Mike Moore and loses puck.
12:48 of 1st period - Brendan Ranford is hit by Patrick Dwyer and loses puck.
13:00 of 1st period - Brendan Ranford is hit by Patrick Kaleta and loses puck.
13:10 of 1st period - Minor Penalty to Brandon Yip for Hooking.
13:11 of 1st period - B.J. Crombeen wins face-off versus Kelly Zajac in Bulldogs zone.
15:10 of 1st period - Penalty to Brandon Yip is over, Brandon Yip is back on ice.
15:25 of 1st period - Snap shot by Nick Tarnasky.
15:25 of 1st period - Shot Misses the Net.
15:27 of 1st period - Snap shot by Brent Regner.
15:27 of 1st period - Stopped by Eric Hartzell without a rebound.
15:28 of 1st period - Jon Sim wins face-off versus Jean-Francois Jacques in Bulldogs zone.
Goals for this period are 0 for Whale vs 2 for Bulldogs.
Shots for this period are 7 for Whale vs 9 for Bulldogs.

2nd period


0:01 of 2nd period - Colin Fraser wins face-off versus Mark Olver in neutral zone.
0:04 of 2nd period - Mark Olver is hit by Colin Fraser and loses puck.
1:16 of 2nd period - Patrick Dwyer is hit by Derek Nesbitt and loses puck.
1:29 of 2nd period - Taylor Chorney is hit by Patrick Kaleta.
1:35 of 2nd period - Wrist shot by Trevor Smith.
1:35 of 2nd period - Shot Misses the Net.
1:44 of 2nd period - Icing by Chris McKelvie.
1:45 of 2nd period - Tim Kennedy wins face-off versus Kelly Zajac in Whale zone.
1:54 of 2nd period - Wrist shot by Tim Kennedy.
1:54 of 2nd period - Stopped by Tomas Vokoun with a rebound.
1:56 of 2nd period - Minor Penalty to Chris McKelvie for Roughing.
1:57 of 2nd period - James Livingston wins face-off versus Cody McCormick in Whale zone.
2:50 of 2nd period - James Livingston is hit by B.J. Crombeen and loses puck.
3:56 of 2nd period - Penalty to Chris McKelvie is over, Chris McKelvie is back on ice.
4:16 of 2nd period - Trevor Smith is hit by Nick Tarnasky and loses puck.
4:27 of 2nd period - Slapshot by Kelly Zajac.
4:27 of 2nd period - Deflect By Nick Tarnasky.
4:27 of 2nd period - Stopped by Eric Hartzell with a rebound.
5:14 of 2nd period - Off-side.
5:15 of 2nd period - Colin Fraser wins face-off versus Cody McCormick in neutral zone.
5:18 of 2nd period - Cody McCormick is hit by Brennan Evans and loses puck.
5:35 of 2nd period - Snap shot by Cody McCormick.
5:35 of 2nd period - Stopped by Tomas Vokoun without a rebound.
5:36 of 2nd period - Trevor Smith wins face-off versus Nick Tarnasky in Whale zone.
5:49 of 2nd period - Snap shot by Trevor Smith.
5:49 of 2nd period - Shot Misses the Net.
5:51 of 2nd period - Slapshot by Jordan Leopold.
5:51 of 2nd period - Deflect By Ryan Carter.
5:51 of 2nd period - Stopped by Tomas Vokoun with a rebound.
5:53 of 2nd period - Slapshot by Jordan Leopold.
5:53 of 2nd period - Stopped by Tomas Vokoun with a rebound.
5:55 of 2nd period - Wrist shot by Patrick Kaleta.
5:55 of 2nd period - Shot Misses the Net.
6:25 of 2nd period - Wrist shot by Mike Hedden.
6:25 of 2nd period - Stopped by Eric Hartzell with a rebound.
6:33 of 2nd period - Denis Grebeshkov is hit by B.J. Crombeen and loses puck.
6:58 of 2nd period - Jean-Francois Jacques is hit by Denis Grebeshkov and loses puck.
7:15 of 2nd period - Snap shot by Chris Conner.
7:15 of 2nd period - Goal by Chris Conner - Whale : 0 - Bulldogs : 3.
7:16 of 2nd period - Cody McCormick wins face-off versus Nick Tarnasky in neutral zone.
7:30 of 2nd period - Icing by Dallas Jackson.
7:31 of 2nd period - Jon Sim wins face-off versus Nathan Horton in Whale zone.
7:31 of 2nd period - Jon Sim is hit by Cody McCormick.
8:11 of 2nd period - Minor Penalty to Cody McCormick for Hooking.
8:12 of 2nd period - Kelly Zajac wins face-off versus Nathan Horton in Bulldogs zone.
9:28 of 2nd period - Jordan Leopold is hit by James Livingston and loses puck.
9:43 of 2nd period - Brent Regner is hit by Steven Kampfer and loses puck.
10:02 of 2nd period - Taylor Chorney is hit by B.J. Crombeen and loses puck.
10:11 of 2nd period - Penalty to Cody McCormick is over, Cody McCormick is back on ice.
10:26 of 2nd period - Barry Goers is hit by Taylor Chorney and loses puck.
11:26 of 2nd period - Wrist shot by Trevor Smith.
11:26 of 2nd period - Shot Blocked by Nick Tarnasky.
11:28 of 2nd period - Wrist shot by Trevor Smith.
11:28 of 2nd period - Stopped by Tomas Vokoun without a rebound.
11:29 of 2nd period - Brandon Yip wins face-off versus Kelly Zajac in Whale zone.
11:38 of 2nd period - Slapshot by Brent Regner.
11:38 of 2nd period - Stopped by Eric Hartzell with a rebound.
11:40 of 2nd period - Wrist shot by Kelly Zajac.
11:40 of 2nd period - Shot Misses the Net.
11:42 of 2nd period - Slapshot by Kelly Zajac.
11:42 of 2nd period - Stopped by Eric Hartzell with a rebound.
11:44 of 2nd period - Slapshot by Mike Hedden.
11:44 of 2nd period - Goal by Mike Hedden - Whale : 1 - Bulldogs : 3.
11:45 of 2nd period - Mark Olver wins face-off versus Colin Fraser in neutral zone.
11:48 of 2nd period - Colin Fraser is hit by Mark Olver.
12:02 of 2nd period - Wrist shot by Colin Fraser.
12:02 of 2nd period - Shot Misses the Net.
12:04 of 2nd period - Snap shot by James Livingston.
12:04 of 2nd period - Shot Blocked by Mark Olver.
12:41 of 2nd period - Dallas Jackson is hit by Reece Scarlett and loses puck.
12:50 of 2nd period - Chris McKelvie is hit by Ryan Carter and loses puck.
15:01 of 2nd period - Ryan Carter is hit by Colin Fraser and loses puck.
15:22 of 2nd period - Snap shot by Patrick Kaleta.
15:22 of 2nd period - Shot Misses the Net.
15:24 of 2nd period - Snap shot by Barry Goers.
15:24 of 2nd period - Stopped by Tomas Vokoun with a rebound.
15:26 of 2nd period - Snap shot by Trevor Smith.
15:26 of 2nd period - Shot Blocked by Denny Urban.
15:59 of 2nd period - Wrist shot by Patrick Dwyer.
15:59 of 2nd period - Deflect By Nathan Horton.
15:59 of 2nd period - Shot Misses the Net.
15:59 of 2nd period - Puck is out of play.
16:00 of 2nd period - Jon Sim wins face-off versus Chris Conner in Whale zone.
16:15 of 2nd period - Slapshot by Derek Nesbitt.
16:15 of 2nd period - Shot Blocked by Tim Kennedy.
16:51 of 2nd period - Mark Olver is hit by Chris McKelvie and loses puck.
17:05 of 2nd period - B.J. Crombeen beats up Brennan Evans.
17:05 of 2nd period - Penalty to B.J. Crombeen for Fighting.
17:05 of 2nd period - Penalty to Brennan Evans for Fighting.
17:06 of 2nd period - Patrick Dwyer wins face-off versus Jon Sim in Whale zone.
17:15 of 2nd period - Slapshot by Patrick Dwyer.
17:15 of 2nd period - Stopped by Tomas Vokoun with a rebound.
17:17 of 2nd period - Slapshot by Steven Kampfer.
17:17 of 2nd period - Shot Blocked by Nick Tarnasky.
17:23 of 2nd period - Wrist shot by Nathan Horton.
17:23 of 2nd period - Shot Blocked by Taylor Chorney.
17:25 of 2nd period - Snap shot by Patrick Dwyer.
17:25 of 2nd period - Shot Misses the Net.
17:27 of 2nd period - Slapshot by Jordan Leopold.
17:27 of 2nd period - Shot Blocked by Taylor Chorney.
17:29 of 2nd period - Slapshot by Jordan Leopold.
17:29 of 2nd period - Shot Misses the Net.
17:31 of 2nd period - Slapshot by Patrick Dwyer.
17:31 of 2nd period - Shot Misses the Net.
18:07 of 2nd period - Icing by Dallas Jackson.
18:08 of 2nd period - Ryan Carter wins face-off versus Brendan Ranford in Whale zone.
18:11 of 2nd period - Snap shot by Trevor Smith.
18:11 of 2nd period - Shot Misses the Net.
18:13 of 2nd period - Slapshot by Reece Scarlett.
18:13 of 2nd period - Stopped by Tomas Vokoun with a rebound.
18:15 of 2nd period - Slapshot by Derek Smith.
18:15 of 2nd period - Shot Misses the Net.
18:23 of 2nd period - Wrist shot by Trevor Smith.
18:23 of 2nd period - Goal by Trevor Smith - Whale : 1 - Bulldogs : 4.
18:23 of 2nd period - Igor Bobkov enters game.
18:24 of 2nd period - Cody McCormick wins face-off versus Colin Fraser in neutral zone.
19:17 of 2nd period - Minor Penalty to Derek Smith for Interference.
19:18 of 2nd period - Kelly Zajac wins face-off versus Nathan Horton in Bulldogs zone.
19:19 of 2nd period - Slapshot by Denis Grebeshkov.
19:19 of 2nd period - Stopped by Eric Hartzell with a rebound.
Goals for this period are 1 for Whale vs 2 for Bulldogs.
Shots for this period are 6 for Whale vs 10 for Bulldogs.

3rd period


0:01 of 3rd period - Kelly Zajac wins face-off versus Nathan Horton in neutral zone.
0:08 of 3rd period - Wrist shot by Kelly Zajac.
0:08 of 3rd period - Deflect By Jordan Leopold.
0:08 of 3rd period - Shot Misses the Net.
0:08 of 3rd period - Puck is out of play.
0:09 of 3rd period - Nathan Horton wins face-off versus Kelly Zajac in Bulldogs zone.
0:18 of 3rd period - James Livingston is hit by Steven Kampfer and loses puck.
0:31 of 3rd period - Denis Grebeshkov is hit by Nathan Horton and loses puck.
1:10 of 3rd period - Reece Scarlett is hit by Nick Tarnasky and loses puck.
1:17 of 3rd period - Penalty to Derek Smith is over, Derek Smith is back on ice.
1:21 of 3rd period - Wrist shot by Nick Tarnasky.
1:21 of 3rd period - Shot Blocked by Nathan Horton.
1:23 of 3rd period - Slapshot by Brent Regner.
1:23 of 3rd period - Shot Misses the Net.
1:25 of 3rd period - Slapshot by Brent Regner.
1:25 of 3rd period - Stopped by Eric Hartzell with a rebound.
1:27 of 3rd period - Slapshot by Dallas Jackson.
1:27 of 3rd period - Stopped by Eric Hartzell with a rebound.
1:29 of 3rd period - Wrist shot by Nick Tarnasky.
1:29 of 3rd period - Shot Hit the Post.
2:10 of 3rd period - Jean-Francois Jacques is hit by Mike Hedden and loses puck.
2:56 of 3rd period - Patrick Kaleta is hit by Brennan Evans and loses puck.
3:18 of 3rd period - Mike Hedden is hit by Ryan Carter and loses puck.
3:27 of 3rd period - Slapshot by Mike Hedden.
3:27 of 3rd period - Stopped by Eric Hartzell with a rebound.
4:06 of 3rd period - Kelly Zajac is hit by Tim Kennedy and loses puck.
4:27 of 3rd period - Denis Grebeshkov is hit by B.J. Crombeen and loses puck.
4:44 of 3rd period - Slapshot by Mark Olver.
4:44 of 3rd period - Stopped by Igor Bobkov without a rebound.
4:45 of 3rd period - Colin Fraser wins face-off versus Mark Olver in Whale zone.
4:50 of 3rd period - Snap shot by B.J. Crombeen.
4:50 of 3rd period - Shot Blocked by Mike Hedden.
4:52 of 3rd period - Wrist shot by Brandon Yip.
4:52 of 3rd period - Stopped by Igor Bobkov without a rebound.
4:53 of 3rd period - Colin Fraser wins face-off versus Mark Olver in Whale zone.
6:00 of 3rd period - Slapshot by Mike Hedden.
6:00 of 3rd period - Deflect By Kelly Zajac.
6:00 of 3rd period - Shot Misses the Net.
6:00 of 3rd period - Puck is out of play.
6:01 of 3rd period - Tim Kennedy wins face-off versus Kelly Zajac in Bulldogs zone.
7:17 of 3rd period - Snap shot by Kelly Zajac.
7:17 of 3rd period - Stopped by Eric Hartzell with a rebound.
7:19 of 3rd period - Wrist shot by Brendan Ranford.
7:19 of 3rd period - Stopped by Eric Hartzell with a rebound.
8:24 of 3rd period - Slapshot by Nick Tarnasky.
8:24 of 3rd period - Shot Blocked by Barry Goers.
8:54 of 3rd period - Mike Hedden is hit by Patrick Kaleta and loses puck.
9:12 of 3rd period - Wrist shot by Ryan Carter.
9:12 of 3rd period - Stopped by Igor Bobkov with a rebound.
9:48 of 3rd period - Wrist shot by Tim Kennedy.
9:48 of 3rd period - Shot Misses the Net.
9:50 of 3rd period - Slapshot by Jean-Francois Jacques.
9:50 of 3rd period - Stopped by Igor Bobkov with a rebound.
10:06 of 3rd period - Snap shot by Nathan Horton.
10:06 of 3rd period - Shot Misses the Net.
11:12 of 3rd period - Minor Penalty to B.J. Crombeen for Interference.
11:13 of 3rd period - Nathan Horton wins face-off versus Kelly Zajac in Bulldogs zone.
11:49 of 3rd period - Snap shot by Nick Tarnasky.
11:49 of 3rd period - Stopped by Eric Hartzell with a rebound.
12:23 of 3rd period - Jordan Leopold is hit by Brendan Ranford and loses puck.
12:30 of 3rd period - Snap shot by Nick Tarnasky.
12:30 of 3rd period - Stopped by Eric Hartzell with a rebound.
12:50 of 3rd period - Ryan Carter is hit by Dallas Jackson and loses puck.
12:59 of 3rd period - Slapshot by Denis Grebeshkov.
12:59 of 3rd period - Shot Misses the Net.
13:12 of 3rd period - Penalty to B.J. Crombeen is over, B.J. Crombeen is back on ice.
13:17 of 3rd period - Steven Kampfer is hit by Jay Rosehill and loses puck.
13:33 of 3rd period - Denny Urban is hit by Ryan Carter and loses puck.
14:04 of 3rd period - Wrist shot by Derek Nesbitt.
14:04 of 3rd period - Stopped by Eric Hartzell without a rebound.
14:05 of 3rd period - Jon Sim wins face-off versus Jean-Francois Jacques in Bulldogs zone.
14:08 of 3rd period - Snap shot by Jon Sim.
14:08 of 3rd period - Stopped by Eric Hartzell with a rebound.
14:40 of 3rd period - Brent Regner is hit by Jean-Francois Jacques and loses puck.
14:59 of 3rd period - Taylor Chorney is hit by Brandon Yip and loses puck.
15:28 of 3rd period - Brendan Ranford is hit by Nick D'Agostino and loses puck.
15:51 of 3rd period - Slapshot by Denny Urban.
15:51 of 3rd period - Stopped by Eric Hartzell with a rebound.
15:53 of 3rd period - Slapshot by Mike Moore.
15:53 of 3rd period - Shot Blocked by Nick D'Agostino.
16:23 of 3rd period - Snap shot by Tim Kennedy.
16:23 of 3rd period - Stopped by Igor Bobkov with a rebound.
16:29 of 3rd period - Denny Urban is hit by Reece Scarlett and loses puck.
17:19 of 3rd period - Trevor Smith is hit by Taylor Chorney and loses puck.
17:38 of 3rd period - Snap shot by Derek Nesbitt.
17:38 of 3rd period - Stopped by Eric Hartzell with a rebound.
18:12 of 3rd period - Patrick Dwyer is hit by Dallas Jackson and loses puck.
18:39 of 3rd period - Nick Tarnasky is hit by Steven Kampfer.
18:48 of 3rd period - Jean-Francois Jacques is hit by Jon Sim and loses puck.
19:38 of 3rd period - Taylor Chorney is hit by Brandon Yip.
Goals for this period are 0 for Whale vs 0 for Bulldogs.
Shots for this period are 11 for Whale vs 5 for Bulldogs.


Output by the SimonT Hockey Simulator (STHS) for Eric Dolegowski -- Original Page W3C XHTML 1.0 Valid
Hockey Simulator - Hockey Simulation - Hockey Manager